 Dungeon Crawl Stone Soup version 0.30.1-3-gfc49f6343a (webtiles) character file.

Game seed: 13060655948476183944

373 Zeor the Scratcher (level 6, 28/28 HPs)
             Began as a Felid Monk on Aug 7, 2023.
             Quit the game on level 5 of the Dungeon.
             The game lasted 00:16:06 (3733 turns).

Zeor the Scratcher (Felid Monk)                     Turns: 3733, Time: 00:16:06

Health: 28/28      AC:  2    Str:  7    XL:     6   Next: 43%
Magic:  7/7        EV: 21    Int: 11    God:
Gold:   93         SH:  0    Dex: 21    Spells: 4/5 levels left
                                        Lives:  0   Deaths: 2

rFire   . .          .
                       - Unarmed
rCold   . . .        (shield unavailable)
rNeg    . . .        (body armour unavailable)
rPois   .            (helmet unavailable)
rElec   .            (cloak unavailable)
rCorr   .            (gloves unavailable)
SInv    +            (boots unavailable)
Will    .....        b - amulet of regeneration
Stlth   ++++         (no ring)
HPRegen 1.04/turn    (no ring)
MPRegen 0.10/turn

%: no passive effects
@: quick
A: very small, claws 1, fangs 3, see invisible, speed 1, shaggy fur 2, stealthy
paws, no weapons or thrown items, no armour, multi-lived
a: no special abilities


You were on level 5 of the Dungeon.
You visited 2 branches of the dungeon, and saw 8 of its levels.

You collected 258 gold pieces.
You spent 165 gold pieces at shops.

Inventory:

Jewellery
 b - an amulet of regeneration (around neck)
 l - a ring of fire
Scrolls
 d - a scroll of magic mapping
 f - a scroll of poison
 h - 2 scrolls of teleportation
 i - 2 scrolls of fog
 j - a scroll of blinking
 m - a scroll of silence
 n - 3 scrolls of identify
Potions
 a - a potion of ambrosia
 c - 4 potions of flight
 e - 4 potions of curing
 g - a potion of cancellation
 k - a potion of mutation
 o - a potion of heal wounds


   Skills:
 + Level 3.8 Fighting
 + Level 6.1 Dodging
 + Level 7.2 Stealth
 + Level 7.9 Unarmed Combat


You had 4 spell levels left.
You knew the following spells:

 Your Spells              Type           Power      Damage    Failure   Level
a - Shock                 Conj/Air       0%         1d3       34%         1

Your spell library contained the following spells:

 Spells                   Type           Power      Damage    Failure   Level
 Necrotise                Necr           0%         1d4       34%         1
 Ensorcelled Hibernation  Hex/Ice        0%         N/A       47%         2
 Spider Form              Tmut/Pois      0%         N/A       71%         3
 Swiftness                Air            0%         N/A       71%         3
 Vampiric Draining        Necr           0%         2d6       71%         3
 Airstrike                Air            0%         2d(0-16)  98%         4
 Anguish                  Hex/Necr       0%         N/A       98%         4
 Agony                    Necr           0%         N/A       100%        5


Dungeon Overview and Level Annotations

Branches:
Dungeon (7/15)             Temple (1/1) D:4

Altars:
Ashenzari
Cheibriados
Dithmenos
Elyvilon
Fedhas
Gozag
Hepliaklqana
Nemelex Xobeh
Qazlal
Ru
Uskayaw
Xom
Zin
The Shining One

Shops:
D:3 ?   D:4 ?

Annotations:
D:6 Maggie


Innate Abilities, Weirdness & Mutations

You have sharp claws.
You have razor-sharp teeth.
You have supernaturally acute eyesight. (SInv)
You cover ground quickly. (Speed+)
You are covered in thick fur. (AC +2)
Your paws help you pounce on unaware monsters.
You are incapable of wielding weapons or throwing items.
You cannot wear armour.
You gain extra lives every three experience levels.


Message History

The orc wizard gestures at you while chanting.
You resist with almost no effort.
You claw the orc wizard!
The orc wizard is almost dead.
The orc barely misses you. The orc wizard closely misses you.
You claw the orc!
You kill the orc!
The orc priest invokes the aid of Beogh against you.
Beogh smites you! The orc wizard misses you.
You closely miss the orc wizard. Your claw misses the orc wizard.
The orc wizard is almost dead.
The orc priest calls upon Beogh to heal the orc wizard.
The orc wizard is healed somewhat.
The orc wizard closely misses you.
You miss the orc wizard.
The orc wizard is heavily wounded.
You claw the orc wizard!
You kill the orc wizard!
The gnoll hits you from afar with a +0 vampiric spear.
The gnoll completely misses you.
Things that are here:
a +0 dagger; a +0 robe; an orc corpse You barely miss the orc priest.
You claw the orc priest.
The orc priest is moderately wounded.
The gnoll misses you. The orc priest hits you with a +0 club.
You scratch the orc priest.
The orc priest is heavily wounded.
The orc wizard mumbles some strange words.
The orc wizard flickers and vanishes for a moment.
The gnoll hits you with a +0 vampiric spear.
The orc priest calls down the wrath of Beogh upon you.
Beogh smites you!
* * * LOW HITPOINT WARNING * * *
You scratch the orc priest. You bite the orc priest.
You kill the orc priest!
The gnoll hits you with a +0 vampiric spear!
You die...
You are now level 6!
You rejoin the land of the living...
Enter note: ah fuck it Are you sure you want to abandon this character and quit the game? (Confirm with "yes".) ▒▒▒▒▒ ∙♣♣ ▒▒▒▒▒▒∙∙h▒▒ ∙∙∙∙

▒▒∙∙▒▒∙∙∙∙∙▒▒ ♣∙∙P▒
▒▒∙∙∙∙▒▒∙∙∙∙∙▒▒
∙♣♣∙∙▒▒∙∙∙∙∙∙▒▒∙∙∙∙∙▒
∙∙∙∙∙∙∙∙∙∙∙∙∙∙∙∙∙∙▒▒▒
∙∙∙∙∙∙∙∙∙∙∙▒∙∙∙∙∙∙∙∙▒
∙∙∙∙∙∙∙∙>∙▒▒∙∙∙∙∙∙∙∙▒▒▒
♣P♣∙∙∙∙∙∙∙▒∙∙∙∙∙∙∙∙∙▒∙▒▒
∙P∙♣∙∙∙∙∙▒▒▒∙∙∙∙∙∙▒∙∙∙∙▒


There were no monsters in sight!

Vanquished Creatures
  Eustachio (D:5)
  A black bear (D:5)
  An ogre (D:4)
  Blork the orc (D:5)
  4 scorpions
  2 jellies
  A hound (D:5)
  An orc priest (D:5)
  6 orc wizards
  5 iguanas
  3 gnolls (D:5)
  5 adders
  2 river rats (D:5)
  A shadow imp (D:5)
  A white imp (D:7)
  2 ufetubi (D:5)
  2 dart slugs
  15 orcs
  6 bats
  8 endoplasms
  3 giant cockroaches
  4 goblins
  11 hobgoblins
  8 jackals
  A quokka (D:1)
  6 ball pythons
  A frilled lizard (D:1)
  5 kobolds
  9 rats
116 creatures vanquished.

Notes
Turn   | Place    | Note
-------+----------+-------------------------------------------
     0 | D:1      | Zeor the Felid Monk began the quest for the Orb.
     0 | D:1      | Reached XP level 1. HP: 10/10 MP: 2/2
   115 | D:1      | Reached XP level 2. HP: 14/14 MP: 3/3
   349 | D:1      | Reached XP level 3. HP: 17/17 MP: 4/4
   798 | D:2      | Reached skill level 1 in Stealth
   989 | D:2      | Found a faded altar of an unknown god.
  1414 | D:3      | Reached XP level 4. HP: 15/21 MP: 5/5
  1499 | D:3      | Learned a level 1 spell: Shock
  1511 | D:3      | Found The Oracle's Delphic Readings.
  1514 | D:3      | nice
  1515 | D:3      | Bought a scroll of identify for 26 gold pieces
  1515 | D:3      | Bought a scroll of magic mapping for 97 gold pieces
  1646 | D:3      | Found a white marble altar of Elyvilon.
  1828 | D:3      | Reached XP level 5. HP: 24/24 MP: 6/6
  2296 | D:4      | Reached skill level 5 in Unarmed Combat
  2315 | D:4      | Found Tooreupt's Magic Scroll Emporium.
  2323 | D:4      | Bought a scroll of teleportation for 42 gold pieces
  2347 | D:4      | Found a sparkling altar of Nemelex Xobeh.
  2365 | D:4      | Noticed an ogre
  2419 | D:4      | Killed an ogre
  2420 | D:4      | Reached skill level 5 in Dodging
  2420 | D:4      | Gained mutation: You are covered in thick fur. (AC +2)
                  | [Felid growth]
  2420 | D:4      | Reached XP level 6. HP: 28/28 MP: 7/7
  2448 | D:4      | Found a glowing silver altar of Zin.
  2565 | D:4      | You fall into a shaft and drop 3 floors!
  2647 | D:6      | Found a stormy altar of Qazlal.
  2647 | D:6      | Noticed Maggie
  2744 | D:5      | Entered Level 5 of the Dungeon
  2751 | D:5      | Reached skill level 5 in Stealth
  2762 | D:5      | Reached XP level 7. HP: 19/31 MP: 8/8
  2804 | D:5      | Noticed Eustachio
  2950 | D:4      | Found a hazy altar of Hepliaklqana.
  3149 | D:4      | Identified the +0 mace of Ysuimaowk {venom, SInv}
  3164 | D:4      | Found a staircase to the Ecumenical Temple.
  3174 | Temple   | Entered the Ecumenical Temple
  3514 | D:5      | Killed Eustachio
  3615 | D:5      | Reached XP level 8. HP: 36/36 MP: 9/9
  3658 | D:5      | Noticed Blork the orc
  3686 | D:5      | Slain by a gnoll
  3687 | D:5      | Reached XP level 7. HP: -4/31 MP: 8/8
  3707 | D:5      | Killed Blork the orc
  3732 | D:5      | Slain by a gnoll
  3733 | D:5      | Reached XP level 6. HP: -1/28 MP: 7/7
  3733 | D:5      | ah fuck it
  3733 | D:5      | Quit the game

Illustrated notes

▒∙∙▒▒▒▒ ▒∙∙▒
▒▒▒▒▒▒▒▒▒▒▒▒▒ ▒∙∙▒
▒8∙∙∙∙∙∙∙∙∙8▒ ▒∙∙▒
▒∙∙∙∙∙8∙∙∙∙∙▒▒▒▒∙∙▒▒▒▒
▒∙∙∙▒▒▒▒▒∙∙∙▒∙∙∙∙∙∙∙∙∙
▒∙∙∙▒∙⌠∙▒∙∙∙▒▒▒▒▒▒▒▒▒∙
▒∙∙8▒⌠∩⌠▒8∙∙▒ ▒∙
■∙†∙▒h⌠∙▒∙∙∙▒ ▒∙
▒∙∙∙▒∙▒▒▒∙∙∙▒▒▒ ▒∙
▒∙∙∙∙∙8∙∙∙∙∙'∙▒▒▒▒▒▒▒▒
▒8∙∙∙∙∙∙∙∙∙8▒∙∙∙∙∙∙∙∙∙
▒▒▒▒▒▒▒▒▒▒▒▒▒▒▒▒▒▒▒▒▒▒


Turn 1514 on D:3: nice ▒▒▒▒▒ ∙♣♣ ▒▒▒▒▒▒∙∙h▒▒ ∙∙∙∙ ▒▒∙∙▒▒∙∙∙∙∙▒▒ ♣∙∙P▒
▒▒∙∙∙∙▒▒∙∙∙∙∙▒▒ ∙♣♣∙∙▒▒∙∙∙∙∙∙▒▒∙∙∙∙∙▒ ∙∙∙∙∙∙∙∙∙∙∙∙∙∙∙∙∙∙▒▒▒
∙∙∙∙∙∙∙∙∙∙∙▒∙∙∙∙∙∙∙∙▒ ∙∙∙∙∙∙∙∙>∙▒▒∙∙∙∙∙∙∙∙▒▒▒ ♣P♣∙∙∙∙∙∙∙▒∙∙∙∙∙∙∙∙∙▒∙▒▒
∙P∙♣∙∙∙∙∙▒▒▒∙∙∙∙∙∙▒∙∙∙∙▒ Turn 3733 on D:5: ah fuck it

Levels and vault maps discovered:
D:1:      ebering_hopf_link, layout_loops_ring, minmay_tripent
D:2:      layout_loops_cross, basic_ecumenical_altar, lemuel_flame_loot_1
D:3:      layout_basic, nicolae_overflow_crystal_walls, grunt_ministairs_3,
          nicolae_nh_oracle_at_delphi
D:4:      cheibrodos_old_hovel, layout_basic, nicolae_hepliaklqana_hippocampus,
          zin_academy, nemelex_spade_bored_becter,
          minmay_temple_entry_drinking_statues, serial_shops,
          nicolae_shop_pleasant_corner_grove
D:5:      wad_woods_tower, layout_cave_pools, nicolae_wu_jian_wuxing_cycle,
          serial_glass, glass_columns_a, glass_columns_b, uniq_blork_the_orc,
          uniq_eustachio
D:6:      layout_loops_ring, mainiacjoe_overflow_concentric_impassable,
          nicolae_overflow_hallway_of_the_gods, uniq_maggie
D:7:      layout_basic, uniq_menkaure, uniq_duvessa
Temple:   hellmonk_temple_forest_ring

Skill      XL: |  1  2  3  4  5  6  7  8 |
---------------+-------------------------+-----
Stealth        | 1 3 4 5 7 |  7.2
Unarmed Combat | 4 5 6 7 |  7.9
Dodging        | 5 6 |  6.1
Fighting       | |  3.8

Action                     |  1- 3 |  4- 6 |  7- 9 || total
---------------------------+-------+-------+-------++-------
  Melee: Unarmed           |   128 |    97 |   129 ||   354
         Bite              |    10 |     9 |    15 ||    34
         Punch             |     2 |     4 |     5 ||    11
    Use: Scroll            |     6 |     8 |     3 ||    17
         Potion            |     2 |     2 |       ||     4
   Stab: Sleeping          |     7 |     8 |     8 ||    23
         Distracted        |       |       |     1 ||     1
 Armour: Skin              |     6 |     2 |     1 ||     9
  Dodge: Dodged            |    93 |    54 |    98 ||   245
